 Dungeon Crawl Stone Soup version 0.25-a0-292-gaa31f046c4 (webtiles) character file.

Game seed: 5938252716455884349, levelgen mode: deterministic

287 mopl the Magician (level 6, 0/32 HPs)
             Began as a Deep Elf Fire Elementalist on Dec 15, 2019.
             Was an Initiate of Vehumet.
             Slain by an ogre
             ... wielding a +0 giant club
              (13 damage)
             ... on level 4 of the Dungeon.
             The game lasted 00:10:36 (2861 turns).

mopl the Magician (Deep Elf Fire Elementalist)      Turns: 2861, Time: 00:10:36

Health: 0/32       AC:  2    Str:  5    XL:     6   Next: 8%
Magic:  9/15       EV: 13    Int: 22    God:    Vehumet [......]
Gold:   15         SH:  5    Dex: 21    Spells: 4/15 levels left

rFire    . . .     SeeInvis .   a - +2 short sword (speed)
rCold    . . .     Gourm    .   p - +0 buckler
rNeg     . . .     Faith    .   r - +0 robe
rPois    +         Spirit   .   (no helmet)
rElec    .         Reflect  .   (no cloak)
rCorr    .         Harm     .   (no gloves)
MR       .....                  (no boots)
Stlth    ++........             (no amulet)
HPRegen  0.10/turn              m - +6 ring of dexterity
MPRegen  0.14/turn              x - ring of poison resistance

@: very slightly contaminated
A: no striking features
a: Renounce Religion


You were on level 4 of the Dungeon.
You worshipped Vehumet.
Vehumet was noncommittal.
You were not hungry.

You visited 2 branches of the dungeon, and saw 5 of its levels.

You collected 165 gold pieces.
You spent 150 gold pieces at shops.

Inventory:

Hand Weapons
 a - a +2 short sword of speed (weapon)
Armour
 p - a +0 buckler (worn)
 r - a +0 robe (worn)
Jewellery
 b - an uncursed amulet of guardian spirit
 m - a +6 ring of dexterity (left hand)
 x - a ring of poison resistance (right hand)
Wands
 w - a wand of disintegration (13)
 y - a wand of polymorph (6)
Scrolls
 d - 2 scrolls of immolation
 f - a scroll of fear {unknown}
 h - 2 scrolls of amnesia
 i - 4 scrolls of teleportation
 n - a scroll of enchant weapon {unknown}
 o - 2 scrolls of random uselessness {unknown}
 q - a scroll of remove curse {unknown}
 s - 2 scrolls of fog
 t - a scroll of identify
 u - a scroll of enchant armour {unknown}
 B - a scroll of magic mapping
Potions
 e - a potion of agility
 j - a potion of magic
 k - 3 potions of flight
 l - 2 potions of curing
 v - 2 potions of might
 z - a potion of berserk rage {!q}
Comestibles
 c - 8 rations
 g - 4 chunks of flesh


   Skills:
 + Level 0.2 Fighting
 - Level 2.4 Dodging
 - Level 2.4 Stealth
 + Level 1.1 Shields
 + Level 5.2 Spellcasting
 + Level 3.3 Conjurations
 + Level 5.2 Fire Magic


You had 4 spell levels left.
You knew the following spells:

 Your Spells              Type           Power        Failure   Level  Hunger
a - Foxfire               Conj/Fire      ###.         2%          1    None
c - Conjure Flame         Conj/Fire      ###.....     8%          3    ##.....
d - Sticky Flame          Conj/Fire      ###.....     24%         4    ####...
h - Inner Flame           Hex/Fire       ###.....     14%         3    ##.....

Your spell library contained the following spells:

 Spells                   Type           Power        Failure   Level  Hunger
 Fireball                 Conj/Fire      ###.......   56%         5    #####..


Dungeon Overview and Level Annotations

Branches:
Dungeon (4/15)             Temple (1/1) D:4

Altars:
Dithmenos
Elyvilon
Fedhas
Hepliaklqana
Kikubaaqudgha
Okawaru
Qazlal
Sif Muna
Trog
Uskayaw
Vehumet
Wu Jian
Xom
Zin
The Shining One

Shops:
D:4 ?


Message History

The foxfire hits the ogre.
The ogre is lightly wounded.
Casting: Foxfire (safe; 2% risk of failure)
Confirm with . or Enter, or press ? or * to list all spells.
You miscast Foxfire.
You are very lightly contaminated with residual magic.
Nothing appears to happen.
Casting: Foxfire (safe; 2% risk of failure)
Confirm with . or Enter, or press ? or * to list all spells.
You conjure some foxfire!
The ogre hits you with a +0 giant club!!
Ouch! That really hurt!
The foxfire hits the ogre but does no damage.
The ogre is lightly wounded.
The foxfire hits the ogre.
The ogre is moderately wounded.
Casting: Foxfire (safe; 2% risk of failure)
Confirm with . or Enter, or press ? or * to list all spells.
You conjure some foxfire!
The ogre hits you with a +0 giant club!
You die...

##########)##...#....
.........).##...#....
...........##...#....
..[.............#....
.#.##......##...#.... #
#......##...#....
###......#....#....
#♣.O......######....
#.v@......#.....####
#.....v.......'.....#...
###...........#.....#...
♣............#.....#...
.....##########.....####
##### #######


You could see an ogre.

Vanquished Creatures
  An ogre (D:4)
  An orc priest (D:4)
  A hound (D:4)
  A worker ant (D:4)
  3 adders
  2 worms (D:3)
  2 dart slugs
  3 leopard geckos
  10 orcs
  3 ball pythons
  A giant cockroach (D:3)
  4 goblins
  4 hobgoblins
  13 jackals
  7 kobolds
  4 bats
  4 frilled lizards
  7 rats
71 creatures vanquished.

Vanquished Creatures (others)
  190 foxfires
190 creatures vanquished.

Grand Total: 261 creatures vanquished

Notes
Turn   | Place    | Note
-------+----------+-------------------------------------------
     0 | D:1      | mopl the Deep Elf Fire Elementalist began the quest for the
                  | Orb.
     0 | D:1      | Reached XP level 1. HP: 10/10 MP: 6/6
   226 | D:1      | Reached XP level 2. HP: 15/15 MP: 6/8
   809 | D:2      | Reached skill level 4 in Fire Magic
   874 | D:2      | Reached XP level 3. HP: 18/19 MP: 5/10
   882 | D:2      | Learned a level 3 spell: Conjure Flame
  1262 | D:2      | Found an ancient bone altar of Kikubaaqudgha.
  1263 | D:2      | Found a blossoming altar of Fedhas.
  1348 | D:2      | Reached skill level 4 in Spellcasting
  1572 | D:3      | Reached XP level 4. HP: 24/24 MP: 9/12
  1820 | D:3      | Reached skill level 2 in Conjurations
  1897 | D:3      | Found a blossoming altar of Fedhas.
  2346 | D:4      | Noticed an ogre
  2369 | D:4      | Killed an ogre
  2369 | D:4      | Reached skill level 5 in Fire Magic
  2369 | D:4      | Reached XP level 5. HP: 28/28 MP: 5/14
  2400 | D:4      | Reached skill level 3 in Conjurations
  2475 | D:4      | Learned a level 4 spell: Sticky Flame
  2479 | D:4      | Learned a level 3 spell: Inner Flame
  2564 | D:4      | Reached skill level 5 in Spellcasting
  2595 | D:4      | Reached skill level 1 in Shields
  2635 | D:4      | Found a staircase to the Ecumenical Temple.
  2644 | Temple   | Entered the Ecumenical Temple
  2652 | Temple   | Became a worshipper of Vehumet
  2692 | D:4      | Found Imuacogh's Magic Scroll Emporium.
  2700 | D:4      | Reached XP level 6. HP: 25/32 MP: 12/15
  2743 | D:4      | Bought a scroll of noise for 12 gold pieces
  2743 | D:4      | Bought a scroll of fog for 24 gold pieces
  2743 | D:4      | Bought a scroll of magic mapping for 42 gold pieces
  2743 | D:4      | Bought 2 scrolls of teleportation for 72 gold pieces
  2861 | D:4      | Slain by an ogre

Levels and vault maps discovered:
D:1:      psy_arrival_basics, layout_loops_ring, minmay_bisected
D:2:      layout_rooms, grunt_temple_overflow_growth_and_decay
D:3:      layout_basic, fedhas_altar_fruit_tree
D:4:      layout_gridville, nicolae_overflow_quartered_altars,
          minmay_temple_entry_waves, serial_shops, shop_scrolls,
          minmay_mini_ossuary
Temple:   nicolae_temple_x_marks_the_god

Skill      XL: |  1  2  3  4  5 |
---------------+----------------+-----
Fire Magic     | 4 5 |  5.2
Spellcasting   | 4 5 |  5.2
Conjurations   | 2 3 |  3.3
Shields        | 1 |  1.1
Fighting       | |  0.2
Dodging        | |  2.4
Stealth        | |  2.4

Action                   |  1- 3 |  4- 6 || total
-------------------------+-------+-------++-------
Melee: Unarmed           |     2 |       ||     2
       Short sword       |     4 |    17 ||    21
 Cast: Foxfire           |    59 |    56 ||   115
       Conjure Flame     |       |     3 ||     3
  Use: Scroll            |     4 |     5 ||     9
  Eat: Chunk             |     2 |     4 ||     6
Armor: Robe              |     5 |     1 ||     6
Dodge: Dodged            |    23 |    15 ||    38
Block: Buckler           |     1 |     8 ||     9

Table legend:
 A = Non-vault XP
 B = Vault XP
 C = Vault XP percentage of total XP
 D = Non-vault monster count
 E = Vault monster count
 F = Vault count percentage of total count
                 A         B        C        D         E       F
            +---------+---------+-------+---------+---------+-------
      Total |     401 |      10 |   2.4 |      66 |       5 |   7.0
            +---------+---------+-------+---------+---------+-------
        D:1 |      12 |      10 |  45.5 |       8 |       5 |  38.5
        D:2 |      71 |       0 |   0.0 |      29 |       0 |   0.0
        D:3 |      51 |       0 |   0.0 |      15 |       0 |   0.0
        D:4 |     267 |       0 |   0.0 |      14 |       0 |   0.0
            +---------+---------+-------+---------+---------+-------
